 Dungeon Crawl Stone Soup version 0.28.0-53-g5a82cb258f (webtiles) character file.

Game seed: 7489232002244496605

66 concernfroge the Poker (level 3, -7/33 HPs)
             Began as a Minotaur Berserker on June 17, 2022.
             Was a Believer of Trog.
             Mangled by Sigmund
             ... wielding a +0 scythe
              (9 damage)
             ... on level 3 of the Dungeon.
             The game lasted 00:05:22 (1916 turns).

concernfroge the Poker (Minotaur Berserker)         Turns: 1916, Time: 00:05:23

Health: -7/33      AC:  2    Str: 23    XL:     3   Next: 96%
Magic:  2/2        EV: 12    Int:  4    God:    Trog [**....]
Gold:   88         SH:  0    Dex:  9    Spells: 2/2 levels left

rFire   . . .      SeeInvis .   a - +0 spear
rCold   . . .      Faith    .   (no shield)
rNeg    . . .      Spirit   .   b - +0 animal skin
rPois   .          Reflect  .   (helmet restricted)
rElec   .          Harm     .   (no cloak)
rCorr   .          Rampage  .   (no gloves)
Will    .....                   (no boots)
Stlth   +.........              (no amulet)
HPRegen 0.11/turn               (no ring)
MPRegen 0.08/turn               (no ring)

@: on berserk cooldown, slowed, very slow
A: horns 2, retaliatory headbutt
a: Renounce Religion, Berserk, Trog's Hand


You were on level 3 of the Dungeon.
You worshipped Trog.
Trog was pleased with you.
You visited 1 branch of the dungeon, and saw 3 of its levels.

You collected 88 gold pieces.

Inventory:

Hand Weapons
 a - a +0 spear (weapon)
Armour
 b - a +0 animal skin (worn)
Scrolls
 c - a scroll of blinking {unknown}
 d - a scroll of holy word {unknown}
 f - a scroll of torment {unknown}
 g - 2 scrolls of identify {unknown}
 h - a scroll of fog {unknown}
 i - a scroll of brand weapon {unknown}
Potions
 e - a potion of might {unknown}


   Skills:
 + Level 4.2 Fighting
 + Level 4.8 Polearms
 + Level 2.8 Armour
 + Level 2.7 Dodging
 - Level 0.5 Stealth


You had 2 spell levels left.
You didn't know any spells.
Your spell library was empty.

Dungeon Overview and Level Annotations

Branches:
Dungeon (3/15)

Altars:
Okawaru

Annotations:
D:3 Sigmund


Innate Abilities, Weirdness & Mutations

You have a pair of horns on your head.
You reflexively headbutt those who attack you in melee.


Message History

You feel mighty! Sigmund closely misses you.
You reach to attack!
You completely miss Sigmund.
You reach to attack!
You closely miss Sigmund. Sigmund gestures at you while chanting.
The magic dart hits you.
You reach to attack!
You closely miss Sigmund.
You reach to attack!
You puncture Sigmund!
Sigmund is moderately wounded.
Sigmund mumbles some strange words.
Sigmund flickers and vanishes!
Deactivating autopickup; reactivate with Ctrl-A.
No target in view!
Found a pair of boots.
You barely miss something. Something hits you but does no damage.
You miss something. Your headbutt misses something. You closely miss something.
Something hits you!
You barely miss something. Your headbutt misses something.
You completely miss something. Your headbutt misses something.
You closely miss something. Your headbutt misses something. Something hits you!
You miss something. You barely miss something.
You hear some strange, mumbled words.
You are confused.
You're too confused to move!
You hit something. Your headbutt misses something. Something hits you.
You hit something.
You are no longer berserk.
You are exhausted.
You feel yourself slow down.
You hit something. Your headbutt misses something. Something barely misses you.
Something hits you!
* * * LOW HITPOINT WARNING * * *
You're too confused to move!
You feel less confused. Something barely misses you.
You hit something. Your headbutt misses something.
Something completely misses you.
You hit something. Your punch misses something. Something hits you!
You die...

#.. .. ..... ?. .
#. ...#...
.#...#. ...#...
######.#...#
#####...<@...#
...!......{#(.[#
.$..#........#...
## #......#...#.
._...###...#...
#.#.. .#...#.
...##. ...#.. ###
#. .#...# #.
.[.#.


There were no monsters in sight!

Vanquished Creatures
  2 adders (D:2)
  A worm (D:2)
  A dart slug (D:1)
  5 endoplasms
  4 giant cockroaches
  5 goblins (D:1)
  3 hobgoblins (D:1)
  4 jackals (D:1)
  3 kobolds
  2 quokkas (D:2)
  3 ball pythons
  2 bats (D:1)
  A frilled lizard (D:2)
  3 rats
39 creatures vanquished.

Vanquished Creatures (others)
  7 toadstools (D:1)
7 creatures vanquished.

Grand Total: 46 creatures vanquished

Notes
Turn   | Place    | Note
-------+----------+-------------------------------------------
     0 | D:1      | concernfroge the Minotaur Berserker began the quest for the
                  | Orb.
     0 | D:1      | Reached XP level 1. HP: 19/19 MP: 0/0
   179 | D:1      | Reached XP level 2. HP: 27/27 MP: 1/1
   673 | D:1      | Found a faded altar of an unknown god.
   752 | D:1      | Reached XP level 3. HP: 33/33 MP: 2/2
  1114 | D:2      | Reached ** piety under Trog
  1787 | D:3      | Noticed Sigmund
  1787 | D:3      | Found an iron altar of Okawaru.
  1916 | D:3      | Mangled by Sigmund

Illustrated notes

Levels and vault maps discovered:
D:1:      nagdon_arrival_zigzag_paths, layout_basic,
          shapermc_ecumenical_altar_mp_vishouse, palyth_stone_intersect
D:2:      layout_loops_cross, minmay_misc_feat_tiny, minmay_pentomino_x2
D:3:      layout_rooms, lemuel_crystal_altar, gammafunk_ghost_gnarly_gnolls,
          hex_large, uniq_sigmund

Skill      XL: |  1  2  3 |
---------------+----------+-----
Polearms       | 4 |  4.8
Fighting       | 4 |  4.2
Armour         | |  2.8
Dodging        | |  2.7
Stealth        | |  0.5

Action                   || total
-------------------------++-------
Melee: Spear             ||   120
       Headbutt          ||    11
Invok: Berserk           ||     2
 Stab: Sleeping          ||     2
Armor: Animal skin       ||    16
Dodge: Dodged            ||    55
